Map: Orbital Shipyard

Players

Mello - Winner!

  • Race: Terran Terran
  • League: Master

A.I. 1 (Very Easy)

  • Race: Protoss Protoss

VOD

Have the link to the VOD?

Description

Time

  • Played on: Nov. 25, 2015, 5:15 p.m.
  • Length: 9:57
Show
View Real Time Build Order
Export as new Build Order

Mello Terran - Winner!

Build Orders: Reaper Expand, MMM Bio 

Get SALT Encoding   

  12  0:00  SCV  
  13  0:13  SCV  
  14  0:17  Supply Depot  
  14  0:25  SCV  
  15  0:39  SCV  
  15  0:41  Barracks  
  16  0:45  Refinery  
  16  0:51  SCV  
  17  1:04  SCV  
  18  1:17  SCV  
  19  1:30  Orbital Command  
  19  1:31  Reaper  
  20  1:45  Command Center  
  20  1:55  SCV  
  20  1:58  Supply Depot  
  21  2:03  Barracks Reactor  
  21  2:09  SCV  
  22  2:21  SCV  
  23  2:28  Factory  
  23  2:33  SCV  
  23  2:34  Refinery  
  24  2:39  Marine x2  
  26  2:45  SCV  
  27  2:57  SCV, Orbital Command, Marine x2  
  30  3:10  SCV  
  30  3:12  Widow Mine  
  33  3:15  Marine x2  
  35  3:22  SCV  
  35  3:23  SCV  
  35  3:25  Command Center  
  37  3:32  Marine x2  
  39  3:36  SCV x2  
  39  3:39  Supply Depot  
  39  3:40  Widow Mine  
  43  3:49  SCV x2  
  46  4:01  Marine x2  
  46  4:02  SCV x2  
  49  4:10  Factory Tech Lab  
  49  4:14  Barracks  
  49  4:15  SCV x2  
  49  4:17  Barracks  
  51  4:19  Marine x2  
  53  4:24  Supply Depot  
  53  4:25  Supply Depot  
  53  4:27  SCV  
  54  4:32  Starport  
  54  4:36  Factory Tech Lab, Orbital Command, SCV  
  55  4:40  Supply Depot, Marine x2  
  55  4:42  SCV  
  58  4:52  Engineering Bay x2  
  58  4:54  SCV x2, Orbital Command  
  60  5:05  Factory Reactor  
  60  5:07  SCV x2  
  60  5:10  Refinery  
  60  5:11  Refinery  
  62  5:21  Terran Infantry Weapons Level 1, Terran Infantry Armor Level 1  
  62  5:22  SCV x3  
  62  5:25  Supply Depot x2  
  65  5:30  Marine  
  65  5:31  Marauder x2, Marine  
  65  5:34  SCV x3  
  74  5:46  SCV x3  
  74  5:48  Factory Reactor  
  77  5:51  Barracks  
  77  5:53  Medivac x2  
  77  5:54  Barracks  
  81  5:58  SCV x3  
  81  5:59  Combat Shields  
  81  6:00  Stimpack  
  81  6:04  Marauder x2, Marine x2  
  88  6:10  SCV x3  
  93  6:18  Supply Depot x2  
  93  6:22  SCV x3  
  93  6:23  Medivac x2  
  93  6:24  Marine x2  
  106  6:25  Marauder x2  
  106  6:34  SCV x3  
  106  6:37  Factory Tech Lab  
  109  6:40  Supply Depot  
  109  6:41  Liberator  
  109  6:42  Supply Depot  
  109  6:44  Supply Depot, Liberator  
  109  6:46  Marine x2  
  111  6:48  Marine x2, Marauder x2  
  111  6:49  SCV x3  
  111  6:51  Barracks Tech Lab  
  111  6:53  Refinery x2  
  123  7:04  Supply Depot  
  123  7:07  Supply Depot  
  126  7:09  Supply Depot  
  126  7:10  Barracks  
  126  7:11  Barracks, Marine x2  
  126  7:13  Starport  
  128  7:22  Marine x2, Marauder x3  
  136  7:25  Liberator  
  136  7:27  Liberator  
  136  7:29  Marine x2  
  138  7:35  Supply Depot  
  138  7:39  Supply Depot  
  138  7:44  Command Center, Marauder x3  
  145  7:45  Marine x2  
  145  7:46  Marine  
  145  7:47  Marine  
  154  7:51  Siege Tank  
  157  7:59  Barracks Tech Lab  
  157  8:00  Barracks Reactor  
  157  8:01  Starport Reactor  
  157  8:06  Supply Depot  
  157  8:07  Supply Depot  
  157  8:10  Marauder x3, Marine x4, Liberator  
  157  8:12  Liberator  
  167  8:22  Concussive Shells  
  167  8:24  Marauder  
  172  8:31  Marine x5  
  172  8:32  Marine x2  
  182  8:37  Marine x2  
  182  8:41  Medivac x2  
  189  8:49  Marauder  
  189  8:50  Marine x4, Marauder x2  
  189  8:51  Marauder  
  200  9:00  Orbital Command  
  200  9:47  Armory  
Show
View Real Time Build Order
Export as new Build Order

A.I. 1 (Very Easy) Protoss 

Build Orders: 1 Gate Expand, Nexus First 

Get SALT Encoding   

  12  0:01  Probe (Chrono Boost)  
  13  0:11  Probe (Chrono Boost)  
  14  0:20  Pylon  
  14  0:42  Gateway  
  14  1:04  Nexus  
  14  1:19  Pylon  
  14  1:24  Assimilator  
  14  1:28  Zealot  
  16  1:35  Cybernetics Core  
  16  1:38  Probe (Chrono Boost)  
  17  1:49  Probe (Chrono Boost)  
  18  2:00  Probe (Chrono Boost), Assimilator  
  19  2:11  Stalker  
  19  2:12  Probe (Chrono Boost)  
  22  2:17  Probe (Chrono Boost)  
  22  2:22  Warp Gate  
  23  2:25  Probe (Chrono Boost)  
  24  2:31  Probe (Chrono Boost)  
  25  2:39  Probe (Chrono Boost)  
  26  2:55  Probe (Chrono Boost)  
  26  2:56  Assimilator  
  27  2:59  Pylon  
  27  3:01  Probe (Chrono Boost)  
  28  3:09  Probe (Chrono Boost)  
  28  3:12  Robotics Facility  
  29  3:16  Probe (Chrono Boost)  
  30  3:20  Zealot  
  30  3:23  Probe (Chrono Boost)  
  33  3:31  Probe (Chrono Boost)  
  34  3:38  Probe (Chrono Boost)  
  35  3:46  Probe (Chrono Boost)  
  36  3:53  Probe (Chrono Boost)  
  37  3:58  Observer  
  37  3:59  Probe (Chrono Boost)  
  39  4:08  Probe (Chrono Boost)  
  40  4:13  Probe (Chrono Boost)  
  40  4:16  Assimilator  
  41  4:18  Observer  
  41  4:22  Probe (Chrono Boost)  
  43  4:28  Probe (Chrono Boost)  
  44  4:34  Sentry  
  44  4:35  Probe (Chrono Boost)  
  46  4:43  Probe (Chrono Boost)  
  47  4:50  Pylon  
  47  4:51  Probe (Chrono Boost)  
  48  4:57  Probe (Chrono Boost)  
  49  5:04  Probe (Chrono Boost)  
  50  9:20  Stalker  
  44  9:28  Pylon  
  40  9:45  Pylon  
Tags
 
Add a new tag
Caveats
  • Supply blocks, unpowered buildings, or Contaminate may cause inaccurate times.
  • Supply counts are checked every 10 seconds.